 Dungeon Crawl Stone Soup version 0.28-a0-1518-gbe868bca14 (webtiles) character file.

Game seed: 800058647480265801

365 Nattfarinn the Skirmisher (level 6, -5/54 HPs)
             Began as a Palentonga Fighter on Jan 17, 2022.
             Slain by an ogre (17 damage)
             ... on level 4 of the Dungeon.
             The game lasted 00:03:30 (3182 turns).

Nattfarinn the Skirmisher (Palentonga Fighter)      Turns: 3182, Time: 00:03:31

Health: -5/54      AC:  6    Str: 21    XL:     6   Next: 40%
Magic:  6/6        EV:  7    Int:  9    God:
Gold:   118        SH:  4    Dex:  9    Spells: 5/5 levels left

rFire   . . .      SeeInvis +   o - +2 whip (elec)
rCold   . . .      Faith    .   c - +0 buckler
rNeg    . . .      Spirit   .   b - +0 scale mail
rPois   .          Reflect  .   (no helmet)
rElec   .          Harm     .   (no cloak)
rCorr   .          Rampage  .   (no gloves)
Will    .....                   (no barding)
Stlth   ..........              (no amulet)
HPRegen 0.18/turn               (no ring)
MPRegen 0.10/turn               (no ring)

@: no status effects
A: large, rugged brown scales 3, see invisible, deformed body, roll 1, armoured
tail
a: Rolling Charge


You were on level 4 of the Dungeon.
You visited 1 branch of the dungeon, and saw 4 of its levels.
You also visited: Sewer.

You collected 118 gold pieces.

Inventory:

Hand Weapons
 a - a +0 war axe
 i - a +1 whip of venom
 o - a +2 whip of electrocution (weapon)
Armour
 b - a +0 scale mail (worn)
 c - a +0 buckler (worn)
Jewellery
 h - the ring "Qenkon" {Wiz rF+}
   (You found it on level 2 of the Dungeon)

   [ring of wizardry]

   It improves your spell success rate.
   rF:        It protects you from fire.
Scrolls
 e - a scroll of fear {unknown}
 f - a scroll of vulnerability {unknown}
 k - 2 scrolls of noise {unknown}
 l - a scroll of identify {unknown}
 m - a scroll of amnesia {unknown}
Potions
 d - a potion of might
 g - a potion of heal wounds
 j - 2 potions of flight
 n - a potion of invisibility {unknown}
 p - a potion of curing
 q - a potion of mutation {unknown}


   Skills:
 * Level 5.1 Fighting
 + Level 3.4 Axes
 + Level 3.4 Armour
 + Level 3.4 Shields


You had 5 spell levels left.
You didn't know any spells.
Your spell library contained the following spells:

 Spells                   Type           Power      Damage    Failure   Level
 Sandblast                Erth           0%         2d4       80%         1
 Summon Small Mammal      Summ           0%         N/A       80%         1
 Passwall                 Tmut/Erth      0%         N/A       90%         2
 Call Canine Familiar     Summ           0%         N/A       99%         3
 Dazzling Flash           Conj/Hex       0%         N/A       99%         3
 Ignite Poison            Fire/Tmut/Pois 0%         N/A       99%         3
 Mephitic Cloud           Conj/Pois/Air  0%         N/A       99%         3
 Stone Arrow              Conj/Erth      0%         3d7       99%         3
 Summon Guardian Golem    Hex/Summ       0%         N/A       99%         3
 Agony                    Necr           0%         N/A       100%        5
 Freezing Cloud           Conj/Ice/Air   0%         6-21      100%        5
 Silence                  Hex/Air        0%         N/A       100%        5


Dungeon Overview and Level Annotations

Branches:
Dungeon (4/15)              Sewer (visited)
 Temple: D:4-7

Altars:
Wu Jian


Innate Abilities, Weirdness & Mutations

You are completely covered in rugged brown scales. (AC +3, +7% HP)
You have supernaturally acute eyesight. (SInv)
Armour fits poorly on your strangely shaped body.
You can roll at nearby foes to attack.
You have a long armoured tail.


Message History

You climb downwards.
The ogre shouts! x2; The hobgoblin shouts!
Found a stone staircase leading down.
There is a stone staircase leading up here.
There are monsters nearby!
You roll forward with a clatter of scales!
You whack the ogre! You tail-slap the ogre!
The ogre is severely wounded.
The ogre hits you with a +0 giant club!
Unknown command.
You hit the ogre.
The ogre is almost dead.
You hit the ogre. Lightning courses through the ogre!
You kill the ogre!
Your Fighting skill increases to level 5!
Roll where?
Press: ? - help, Dir - move target, f - ogre
Aim: an ogre, wielding a +0 giant club You roll forward with a clatter of scales!
You whack the ogre!
The ogre is moderately wounded.
You hear an angry hiss.
The hobgoblin barely misses you. The ogre barely misses you.
You hit the ogre.
The ogre is heavily wounded.
The hobgoblin closely misses you.
You barely miss the ogre.
The ogre is heavily wounded.
The ogre hits you with a +0 giant club! The hobgoblin hits you.
You closely miss the ogre.
You tail-slap the ogre, but do no damage.
The ogre is heavily wounded.
The hobgoblin hits you but does no damage.
The ogre hits you with a +0 giant club!
* * * LOW HITPOINT WARNING * * *
You hit the ogre.
The ogre is heavily wounded.
A ball python comes into view.
The hobgoblin barely misses you. The ogre hits you with a +0 giant club!
You die...

#.......##
##..⌠...⌠..##
#...........#
#.....⌠.....#
#..>.....<..#
#.....⌠.....#
#...........#
#..⌠.g.⌠..##
#...O@.)##
#........S#
#.#..........
#.#..........
............
...#.........
#.###.........
#. ##....#..


You could see an ogre, a hobgoblin and a ball python.

Vanquished Creatures
  An ogre (D:4)
  2 kobold brigands (Sewer)
  3 adders
  3 river rats (Sewer)
  A worm (D:2)
  3 dart slugs
  5 orcs (D:3)
  4 endoplasms
  5 giant cockroaches
  11 hobgoblins
  A jackal (Sewer)
  6 kobolds
  A quokka (D:1)
  3 ball pythons (D:1)
  7 bats
  3 frilled lizards
  5 goblins
  11 rats
75 creatures vanquished.

Notes
Turn   | Place    | Note
-------+----------+-------------------------------------------
     0 | D:1      | Nattfarinn the Palentonga Fighter began the quest for the
                  | Orb.
     0 | D:1      | Reached XP level 1. HP: 19/19 MP: 1/1
     1 | D:1      | Found an ornate altar of the Wu Jian Council.
   118 | D:1      | Reached XP level 2. HP: 12/25 MP: 2/2
   471 | D:1      | Found a faded altar of an unknown god.
   508 | D:1      | Reached XP level 3. HP: 26/31 MP: 3/3
  1328 | D:2      | Identified the ring "Qenkon" {Wiz rF+}
  1739 | D:2      | Reached XP level 4. HP: 29/39 MP: 4/4
  1880 | D:2      | Reached skill level 4 in Fighting
  2059 | D:3      | Found a glowing drain.
  2074 | Sewer    | Entered a sewer
  2246 | Sewer    | Noticed a kobold brigand
  2246 | Sewer    | Noticed a kobold brigand
  2258 | Sewer    | Killed a kobold brigand
  2259 | Sewer    | Reached XP level 5. HP: 18/46 MP: 5/5
  2277 | Sewer    | Reached XP level 6. HP: 14/53 MP: 6/6
  2523 | Sewer    | Found a white marble altar of Elyvilon.
  3178 | D:4      | Reached skill level 5 in Fighting
  3182 | D:4      | Slain by an ogre

Illustrated notes

Levels and vault maps discovered:
D:1:      sevenhm_arrival_forest_fort_small_6, layout_rooms,
          ebering_ecumenical_altar_mist
D:2:      layout_rooms, minmay_door_square
D:3:      layout_loops_ring, portal_sewer_entry_d
D:4:      layout_rooms, minmay_temple_entry_arrows, grunt_ministairs_10,
          eino_small_chamber_without_monster, st_stairs_2,
          kennysheep_minor_cross, hangedman_decor_clover_reticule,
          hangedman_abyss_or_decor_lesser_grid, kennysheep_decorative_pillar,
          uniq_grinder, uniq_ijyb, uniq_blork_the_orc

Skill      XL: |  1  2  3  4  5  6 |
---------------+-------------------+-----
Fighting       | 4 5 |  5.1
Armour         | 3 |  3.4
Shields        | 3 |  3.4
Axes           | 3 |  3.4

Action                   |  1- 3 |  4- 6 || total
-------------------------+-------+-------++-------
Melee: War axe           |    89 |       ||    89
       Tailslap          |    10 |    11 ||    21
       Whip              |    27 |    90 ||   117
 Abil: Rolling Charge    |    18 |    11 ||    29
  Use: Potion            |       |     2 ||     2
Armor: Scale mail        |    71 |    33 ||   104
Dodge: Dodged            |    37 |    30 ||    67
Block: Buckler           |    20 |    18 ||    38

Table legend: (Time is in decaauts)
 A = Elapsed time spent in this place.
 B = Non-inter-level travel time spent in this place.
 C = Inter-level travel time spent in this place.
 D = Time resting spent in this place.
 E = Time spent auto-exploring this place.
 F = Levels seen in this place.
 G = Mean time per level.
                   A        B        C        D        E       F      G
               +--------+--------+--------+--------+--------+-----+--------+
         Total |   3263 |   3157 |    106 |    228 |   2450 |   5 |  652.6 |
       Dungeon |   2701 |   2595 |    106 |      0 |   2236 |   4 |  675.2 |
         Sewer |    561 |    561 |      0 |    228 |    214 |   1 |  561.0 |
               +--------+--------+--------+--------+--------+-----+--------+

Top non-repeatable levels by time:
     D:1: 1073 daAuts
     D:2: 903 daAuts
     D:3: 716 daAuts
   Sewer: 561 daAuts
     D:4: 8 daAuts
